Map: King's Cove LE

Players

Namshar

  • Race: Zerg Zerg
  • League: Grandmaster
  • Spawn Location: 11:00

Serral - Winner!

  • Race: Zerg Zerg
  • League: Master
  • Spawn Location: 5:00

Event: 2019 WCS Winter Europe

VOD

Have the link to the VOD?

Description

Time

  • Played on: Feb. 9, 2019, 11:33 a.m.
  • Length: 10:11

All games in this series

Show
View Real Time Build Order
Export as new Build Order

Namshar Zerg 

Build Orders: Pool First 

Get SALT Encoding   

  12  0:00  Drone  
  13  0:12  Overlord  
  13  0:18  Drone  
  14  0:30  Drone  
  14  0:31  Drone  
  16  0:41  Spawning Pool  
  15  0:45  Drone  
  15  0:49  Drone  
  17  1:10  Hatchery  
  16  1:13  Drone  
  17  1:27  Zergling x4  
  17  1:28  Zergling x2  
  17  1:32  Queen  
  22  1:34  Extractor  
  21  1:41  Overlord  
  21  1:49  Drone  
  22  2:00  Drone  
  23  2:07  Queen  
  25  2:10  Drone  
  26  2:22  Queen, Drone x2  
  30  2:33  Drone x2  
  32  2:41  Drone x3  
  34  2:45  Metabolic Boost  
  34  2:47  Overlord  
  34  2:52  Drone  
  35  3:06  Evolution Chamber, Drone x2  
  35  3:07  Drone  
  37  3:19  Drone x5  
  42  3:24  Roach Warren  
  41  3:37  Zergling x4  
  41  3:40  Overlord  
  43  3:46  Zerg Missile Weapons Level 1  
  43  3:48  Hatchery  
  42  3:56  Lair  
  42  4:01  Zergling x2  
  42  4:02  Zergling x6  
  46  4:07  Zergling x2  
  46  4:08  Zergling x6  
  50  4:13  Zergling x2  
  51  4:25  Extractor  
  51  4:28  Overlord  
  51  4:29  Drone  
  51  4:41  Overlord  
  51  4:43  Overlord  
  51  4:44  Extractor  
  51  4:45  Drone  
  51  4:46  Drone  
  51  4:47  Drone x5  
  57  4:53  Glial Reconstitution, Roach  
  57  4:54  Evolution Chamber  
  58  5:05  Roach x2  
  62  5:09  Roach, Zergling x2  
  62  5:10  Zergling x2  
  65  5:16  Zergling x6  
  65  5:17  Zergling x4  
  57  5:24  Roach, Zergling x8  
  60  5:29  Roach  
  60  5:30  Queen  
  62  5:38  Roach, Zergling x4  
  57  5:45  Drone  
  57  5:46  Drone  
  57  5:47  Queen  
  57  5:49  Drone  
  62  5:52  Drone  
  62  5:54  Drone  
  62  5:56  Drone  
  65  6:00  Drone x2  
  65  6:01  Drone  
  68  6:04  Zerg Missile Weapons Level 2  
  68  6:10  Drone x3  
  65  6:23  Drone x3  
  66  6:27  Zerg Ground Armor Level 1  
  66  6:29  Overlord  
  66  6:31  Extractor  
  66  6:32  Roach x2  
  69  6:38  Roach x2  
  73  6:42  Overlord  
  75  6:47  Roach x3  
  75  6:52  Extractor  
  78  6:54  Drone  
  78  6:58  Drone x5  
  78  7:00  Overlord  
  84  7:01  Drone x2  
  84  7:07  Drone  
  87  7:09  Overlord  
  87  7:23  Extractor  
  87  7:24  Hatchery, Drone x5  
  87  7:25  Roach x2, Drone  
  87  7:26  Roach  
  87  7:29  Overlord x2  
  97  7:31  Roach x2  
  97  7:34  Roach  
  103  7:39  Overlord  
  103  7:41  Roach  
  103  7:43  Ravager x4  
  109  7:47  Roach x5  
  119  7:52  Roach  
  119  7:53  Roach x2  
  125  8:00  Drone  
  125  8:02  Roach x3  
  125  8:03  Roach  
  134  8:09  Roach x2  
  138  8:17  Overlord x3  
  138  8:28  Spore Crawler, Queen  
  138  8:29  Spore Crawler  
  138  8:30  Spore Crawler  
  137  8:35  Spore Crawler, Overlord x2, Queen x2  
  137  8:36  Drone  
  137  8:40  Queen  
  143  8:42  Drone  
  143  8:45  Roach x4  
  144  8:50  Overlord x3  
  144  8:57  Overlord, Roach x4  
  144  9:01  Ravager x4  
  148  9:06  Roach x3  
  150  9:10  Ravager  
  150  9:11  Ravager x3  
  143  9:21  Roach x8  
  135  9:27  Roach  
  135  9:28  Roach x2  
  117  9:32  Roach x3  
  117  9:36  Roach x2  
  117  9:38  Roach  
  113  9:41  Roach x2  
  115  9:46  Roach  
  115  9:47  Roach x2  
  115  9:51  Roach x2  
  118  9:52  Ravager  
Show
View Real Time Build Order
Export as new Build Order

Serral Zerg - Winner!

Build Orders: Hatch First 

Get SALT Encoding   

  12  0:00  Drone  
  13  0:12  Overlord  
  13  0:17  Drone  
  14  0:30  Drone x2  
  16  0:48  Hatchery  
  15  0:52  Drone  
  15  0:55  Drone  
  17  0:59  Drone  
  18  1:09  Extractor  
  17  1:15  Spawning Pool  
  17  1:18  Drone  
  17  1:21  Drone  
  18  1:28  Drone  
  19  1:38  Drone  
  20  1:49  Drone  
  21  2:01  Queen x2  
  21  2:02  Overlord, Zergling x2  
  26  2:09  Metabolic Boost  
  26  2:11  Drone  
  26  2:14  Drone  
  28  2:22  Zergling x2  
  29  2:25  Zergling x2  
  30  2:38  Drone  
  30  2:39  Drone  
  31  2:46  Drone  
  31  2:47  Drone  
  33  3:03  Hatchery  
  33  3:04  Baneling Nest  
  33  3:05  Drone  
  32  3:08  Drone  
  32  3:09  Drone  
  34  3:14  Overlord  
  34  3:18  Roach Warren  
  33  3:24  Evolution Chamber  
  33  3:26  Drone x2  
  34  3:29  Drone  
  34  3:32  Drone  
  36  3:37  Drone x2  
  36  3:40  Drone x2  
  40  3:45  Drone x2  
  42  3:50  Zerg Missile Weapons Level 1  
  42  3:53  Overlord  
  42  3:58  Zergling x4  
  43  4:04  Overlord  
  43  4:12  Zergling x8  
  43  4:13  Zergling x2  
  43  4:16  Zergling x8  
  52  4:20  Queen  
  52  4:23  Zergling x2  
  55  4:26  Zergling x4  
  55  4:30  Zergling x4  
  59  4:31  Zergling x2  
  60  4:40  Zergling x4  
  60  4:43  Zergling x2  
  60  4:45  Lair  
  63  4:48  Zergling x6  
  63  4:52  Overlord  
  66  4:57  Extractor x2  
  66  4:58  Drone x2  
  66  5:03  Overlord  
  64  5:15  Drone x2  
  64  5:16  Drone x4  
  64  5:18  Drone x3  
  65  5:22  Drone x2  
  65  5:23  Drone x2  
  65  5:25  Drone  
  65  5:26  Drone  
  65  5:28  Drone  
  70  5:35  Overlord  
  69  5:38  Drone x2  
  69  5:42  Glial Reconstitution  
  65  5:48  Roach x2, Overseer  
  68  5:51  Roach x4  
  68  5:55  Zergling x4  
  78  5:58  Roach x2  
  82  6:08  Roach x4  
  82  6:11  Roach x2  
  89  6:15  Overlord  
  87  6:26  Overlord  
  87  6:28  Zerg Missile Weapons Level 2  
  87  6:29  Drone  
  87  6:30  Roach  
  87  6:31  Overlord  
  90  6:33  Extractor  
  90  6:35  Extractor x2  
  90  6:36  Drone x6  
  90  6:39  Overseer  
  93  6:43  Spire  
  93  6:44  Drone x3  
  95  6:53  Drone x2  
  97  6:58  Overlord  
  97  7:04  Drone  
  97  7:05  Drone x2  
  97  7:07  Drone x3  
  103  7:09  Overlord  
  103  7:11  Hatchery  
  103  7:14  Overlord x2  
  102  7:20  Roach x3  
  108  7:27  Roach  
  108  7:28  Roach x2  
  108  7:29  Ravager  
  115  7:32  Overlord  
  115  7:36  Overlord  
  115  7:55  Mutalisk x8  
  115  7:56  Drone x2  
  115  7:57  Drone  
  134  8:02  Roach x2  
  138  8:07  Roach x6  
  138  8:10  Overlord  
  150  8:15  Overlord  
  150  8:16  Roach x3  
  156  8:20  Overlord  
  156  8:21  Overlord  
  156  8:22  Queen  
  156  8:24  Overlord  
  158  8:27  Roach  
  158  8:32  Overlord  
  158  8:33  Roach  
  162  8:37  Roach  
  162  8:38  Roach  
  166  8:42  Roach x5  
  166  8:43  Roach  
  166  8:46  Ravager x4  
  182  8:52  Roach x4  
  190  8:57  Roach x3  
  196  9:06  Roach x2  
  200  9:17  Roach x3  
  200  9:22  Roach x6  
  200  9:23  Roach x2  
  194  9:30  Roach x6  
  177  9:36  Roach x4  
  177  9:42  Roach x5  
  185  9:48  Roach x3  
Tags
 
Add a new tag
Caveats
  • Supply blocks, unpowered buildings, or Contaminate may cause inaccurate times.
  • Supply counts are checked every 10 seconds.